AoeStats
← Rudelfux

Arabia

510807538Analyzed
1v1 RM · 11h ago on Oct 2, 2026· 17m 43s· 2 players
Game mode
Random Map
Map size
Tiny (2 player)
Population
200
Speed
Normal
Resources
Standard
Victory
Conquest
Starting age
Dark Age
Ending age
Imperial Age
RankedLock teamsTeams togetherTeam positionsShared explorationLock speedFull tech treeHidden civsTurbo modeCheats
Victory
Defeat
🇫🇷 Wei · France
547
+17
🇩🇪 Bohemians · Germany
564
-17
Cyril
11:39 Feudal Age
12:06 Double-Bit Axe
12:05 Horse Collar
12:28 Man-at-Arms
12:55 Arson
14:13 Wheelbarrow
13:38 Gold Mining
16:38 Forging
Rudelfux
13:47 Feudal Age
14:12 Horse Collar
14:20 Double-Bit Axe
19:45 Castle Age
Connection lost

Rejoining the realm…

Still unreachable

The connection could not be restored.

Session expired

The server has moved on; the page needs a fresh start.